 Dungeon Crawl Stone Soup version 0.29-a0-1033-gb6c65ffae6 (webtiles) character file.

Game seed: 7864754402265961370

15147 leavemydog the Thaumaturge (level 11, -4/62 HPs)
             Began as a Deep Elf Conjurer on Aug 12, 2022.
             Was a Follower of Vehumet.
             Slain by a shadow (26 damage)
             ... on level 11 of the Dungeon on Aug 14, 2022.
             The game lasted 00:30:28 (16732 turns).

leavemydog the Thaumaturge (Deep Elf Conjurer)     Turns: 16732, Time: 00:30:28

Health: -4/62      AC:  6    Str:  4    XL:     11   Next: 98%
Magic:  31/31      EV: 12    Int: 28    God:    Vehumet [*.....]
Gold:   657        SH:  0    Dex: 13    Spells: 19/38 levels left

rFire   . . .      SeeInvis .   l - +2 flail of Foolhardiness {vamp, Will+}
rCold   + . .      Faith    .   (no shield)
rNeg    . . .      Spirit   .   Q - +2 robe {Archmagi}
rPois   .          Reflect  .   f - +0 helmet
rElec   .          Harm     .   (no cloak)
rCorr   .          Rampage  .   (no gloves)
Will    ++...      Archmagi +   r - +0 pair of boots
Stlth   ++........              R - amulet of magic regeneration
HPRegen 0.20/turn               m - ring of protection from cold
MPRegen 0.62/turn               F - ring of wizardry

@: slowed, very slow
A: no striking features
a: Renounce Religion


You were on level 11 of the Dungeon.
You worshipped Vehumet.
Vehumet was aware of your devotion.
You visited 2 branches of the dungeon, and saw 12 of its levels.

You collected 669 gold pieces.
You spent 12 gold pieces at shops.

Inventory:

Hand Weapons
 l - the +2 flail of Foolhardiness (weapon) {vamp, Will+}
   (You found it on level 2 of the Dungeon)

   It occasionally heals its wielder for a portion of the damage dealt when it
   wounds a living foe.
   Will:      It increases your willpower.
Missiles
 G - 2 throwing nets
Armour
 f - a +0 helmet (worn)
 r - a +0 pair of boots (worn)
 Q - a +2 robe of the Archmagi (worn)
 T - a +2 robe of cold resistance
Magical Staves
 K - a staff of earth
Jewellery
 a - a ring of fire
 m - a ring of protection from cold (left hand)
 x - a ring of ice
 y - an amulet of the acrobat
 F - a ring of wizardry (right hand)
 N - a ring of resist corrosion
 R - an amulet of magic regeneration (around neck)
 S - a ring of ice
Wands
 g - a wand of roots (10)
 t - a wand of polymorph (9)
 E - a wand of mindburst (24)
 L - a wand of paralysis (4)
 M - a wand of quicksilver (4)
Scrolls
 c - 2 scrolls of butterflies
 d - 2 scrolls of summoning {unknown}
 h - 3 scrolls of immolation
 i - 2 scrolls of magic mapping {unknown}
 n - 4 scrolls of poison {unknown}
 p - 3 scrolls of brand weapon
 s - 3 scrolls of enchant armour {unknown}
 u - 4 scrolls of fear
 w - 3 scrolls of teleportation
 A - 2 scrolls of noise
 B - 4 scrolls of enchant weapon
 C - a scroll of vulnerability {unknown}
 H - a scroll of amnesia {unknown}
 J - 3 scrolls of blinking {unknown}
Potions
 b - 4 potions of magic
 e - 4 potions of curing
 j - 4 potions of heal wounds
 k - 2 potions of resistance {unknown}
 o - 4 potions of flight
 q - a potion of ambrosia {unknown}
 v - a potion of invisibility {unknown}
 z - a potion of brilliance {unknown}
 D - 3 potions of attraction {unknown}
 I - a potion of cancellation {unknown}
 O - 2 potions of berserk rage {unknown}
 P - 2 potions of might {unknown}
 V - 2 potions of degeneration {unknown}
Miscellaneous
 U - a piece from Xom's chessboard (15/15)


   Skills:
 + Level 4.9 Fighting
 - Level 2.4 Dodging
 - Level 2.4 Stealth
 - Level 14.0 Spellcasting
 - Level 12.5 Conjurations
 - Level 5.1 Hexes
 - Level 6.0 Translocations
 * Level 9.3 Earth Magic


You had 19 spell levels left.
You knew the following spells:

 Your Spells              Type           Power      Damage    Failure   Level
a - Magic Dart            Conj           100%       1d8       0%          1
b - Searing Ray           Conj           100%       2d8       0%          2
c - Iskenderun's Mystic   Conj/Tloc      82%        2d16      1%          4
d - Fulminant Prism       Conj/Hex       40%        3d20      1%          4
e - Lehudib's Crystal Sp  Conj/Erth      44%        10d11     58%         8

Your spell library contained the following spells:

 Spells                   Type           Power      Damage    Failure   Level
 Freeze                   Ice            100%       1d11      1%          1
 Foxfire                  Conj/Fire      100%       2x1d9     1%          1
 Sting                    Tmut/Pois      100%       1d8       1%          1
 Poisonous Vapours        Pois/Air       58%        N/A       1%          2
 Conjure Flame            Conj/Fire      70%        6-21      1%          3
 Dazzling Flash           Conj/Hex       100%       N/A       1%          3
 Gell's Gravitas          Tloc           68%        N/A       1%          3
 Inner Flame              Hex/Fire       50%        N/A       1%          3
 Lesser Beckoning         Tloc           68%        N/A       1%          3
 Teleport Other           Tloc           68%        N/A       1%          3
 Tukima's Dance           Hex            64%        N/A       1%          3
 Cause Fear               Hex            32%        N/A       1%          4
 Flame Wave               Conj/Fire      70%        2d16      1%          4
 Passage of Golubria      Tloc           68%        N/A       1%          4
 Olgreb's Toxic Radiance  Pois           29%        N/A       11%         4
 Summon Ice Beast         Ice/Summ       29%        N/A       11%         4
 Silence                  Hex/Air        25%        N/A       11%         5
 Summon Mana Viper        Hex/Summ       50%        N/A       11%         5
 Yara's Violent Unravell  Hex/Tmut       25%        3d11      11%         5
 Malign Gateway           Summ/Tloc      26%        N/A       92%         7
 Dragon Form              Tmut           14%        N/A       100%        7
 Monstrous Menagerie      Summ           14%        N/A       100%        7
 Summon Horrible Things   Summ           14%        N/A       100%        8
 Dragon's Call            Summ           14%        N/A       100%        9


Dungeon Overview and Level Annotations

Branches:
Dungeon (11/15)            Temple (1/1) D:6            Lair (0/5) D:10
    Orc (0/2) D:10

Altars:
Ashenzari
Cheibriados
Dithmenos
Elyvilon
Fedhas
Gozag
Hepliaklqana
Kikubaaqudgha
Makhleb
Nemelex Xobeh
Okawaru
Qazlal
Ru
Sif Muna
Trog
Uskayaw
Vehumet
Wu Jian
Xom
Yredelemnul
Zin
The Shining One

Shops:
D:3 *   D:5 **

Annotations:
D:9 4 transporters
D:11 Sonja


Message History

Press: ? - help, Shift-Dir - straight line, f - yak
Aim: a yak (heavily wounded, 90% to hit)
You feel a surge of power!
The searing ray hits the yak!
The yak is almost dead. (Press . to maintain the ray.)
The yak gores you!
The searing ray hits the yak!
You kill the yak!
Vehumet accepts your kill.
You start resting.
Magic restored.
You start resting.
A shadow comes into view.
A troll comes into view.
There are monsters nearby!
You see here a yak corpse.
Found a glowing ring mail.
You see here a yak corpse.
Sonja, the Graceful Assassin comes into view.
She is wielding a +1 short sword of venom and quivering curare-tipped darts.
Sonja throws a curare-tipped dart.
The curare-tipped dart hits you.
You are poisoned.
You have difficulty breathing.
You feel yourself slow down.
You feel very sick.
Sonja casts a spell.
Sonja blinks!
Sonja mumbles some strange words.
Sonja blinks!
You feel very sick. The shadow hits you!
You feel very sick.
Sonja throws a curare-tipped dart.
The curare-tipped dart hits you.
You are more poisoned.
You have difficulty breathing.
* * * LOW HITPOINT WARNING * * *
You feel as though you will be slow longer.
You feel better.
The shadow slips into darkness.
The shadow flickers and vanishes!
Deactivating autopickup; reactivate with Ctrl-A.
The shadow strikes at you from the darkness!
You die...

#.# ##.###W.# ###.###. #.#
#.#.....# #.# #.
#...####.#####......# #.# #.
#.#.......†.#.......## #.###.
#...####†##......^...######.....
#........##.."..............####
..[.....####)...)....########
######§..####.......##
#......K.{@..<## #...######...##
##### #####


You could see Sonja.

Vanquished Creatures
  Snorg (D:10)
  Harold (D:9)
  Fannar (D:10)
  A two-headed ogre (D:9)
  A kobold demonologist (D:10)
  3 unseen horrors
  Psyche (D:9)
  A troll (D:10)
  2 hornets (D:9)
  The ghost of funkygono the Firebug, an amateur DrFE (D:4)
  Sigmund (D:2)
  A shadow (D:9)
  A wraith (D:8)
  26 yaks
  A vampire (D:9)
  3 steam dragons
  4 vampire mosquitoes (D:10)
  2 acid dragons (D:10)
  3 water moccasins
  3 orc warriors
  Duvessa (D:7)
  2 black bears
  2 wolves
  5 ogres
  5 centaurs
  The ghost of zuik84 the Grave Robber, an amateur DsNe (D:3)
  A kobold brigand (D:7)
  2 phantoms (D:5)
  The ghost of leavemydog the Magician, an amateur DEVM (D:4)
  A gnoll sergeant (D:6)
  3 bullfrogs
  4 necrophages
  A scorpion (D:6)
  14 wights
  Dowan (D:7)
  3 killer bees (D:9)
  3 electric eels (D:10)
  2 howler monkeys
  A crimson imp (D:3)
  A centaur zombie (D:3)
  A jelly (D:5)
  2 centaur skeletons (D:3)
  6 orc priests
  A gnoll bouda (D:8)
  9 hounds
  3 iguanas
  11 orc wizards
  9 gnolls
  A howler monkey skeleton (D:3)
  10 adders
  2 shadow imps
  2 white imps
  3 ufetubi
  2 worms
  4 dart slugs
  32 orcs
  8 endoplasms
  5 giant cockroaches
  6 goblins
  7 hobgoblins
  4 quokkas
  10 ball pythons
  6 bats
  7 frilled lizards
  3 hobgoblin zombies (D:3)
  10 kobolds
  A kobold skeleton (D:3)
  A kobold zombie (D:3)
  An orc skeleton (D:3)
  An orc zombie (D:3)
  12 rats
292 creatures vanquished.

Vanquished Creatures (others)
  19 fulminant prisms
  4 withered plants (D:4)
23 creatures vanquished.

Grand Total: 315 creatures vanquished

Notes
Turn   | Place    | Note
-------+----------+-------------------------------------------
     0 | D:1      | leavemydog the Deep Elf Conjurer began the quest for the
                  | Orb.
     0 | D:1      | Reached XP level 1. HP: 10/10 MP: 6/6
   451 | D:1      | Reached XP level 2. HP: 15/15 MP: 5/8
   460 | D:1      | Learned a level 2 spell: Searing Ray
   529 | D:1      | Reached skill level 5 in Conjurations
   946 | D:1      | Found a faded altar of an unknown god.
  1053 | D:2      | Reached XP level 3. HP: 19/19 MP: 6/9
  1151 | D:2      | Identified the +2 flail of Foolhardiness {vamp, Will+}
  1223 | D:2      | Noticed Sigmund
  1352 | D:2      | Killed Sigmund
  1353 | D:2      | Reached skill level 4 in Spellcasting
  1353 | D:2      | Reached XP level 4. HP: 24/24 MP: 3/12
  1353 | D:2      | Reached XP level 5. HP: 28/28 MP: 3/14
  1450 | D:2      | Learned a level 4 spell: Iskenderun's Mystic Blast
  2082 | D:3      | Reached skill level 5 in Spellcasting
  2150 | D:3      | Found a glowing golden altar of the Shining One.
  2175 | D:3      | Reached XP level 6. HP: 25/32 MP: 1/15
  2371 | D:3      | Found Saanujee's Assorted Antiques.
  2378 | D:3      | Reached skill level 1 in Translocations
  2486 | D:3      | Found a runed translucent gate.
  2487 | D:3      | Found a runed translucent gate.
  2488 | D:3      | Found a runed translucent gate.
  2489 | D:3      | Noticed zuik84's ghost (amateur DsNe)
  2917 | D:3      | Identified the +0 scale mail "Qemonut" {Slay+2}
  3361 | D:3      | Reached skill level 6 in Spellcasting
  3501 | D:3      | Reached XP level 7. HP: 28/36 MP: 10/18
  3592 | D:3      | Killed zuik84's ghost
  3834 | D:4      | Reached skill level 7 in Spellcasting
  4575 | D:4      | Reached XP level 8. HP: 41/41 MP: 11/21
  4814 | D:4      | Found a runed translucent gate.
  4814 | D:4      | Found a runed translucent gate.
  4814 | D:4      | Found a runed translucent gate.
  4816 | D:4      | Noticed funkygono's ghost (amateur DrFE)
  4817 | D:4      | Noticed leavemydog's ghost (amateur DEVM)
  4964 | D:4      | Killed leavemydog's ghost
  4965 | D:4      | Reached skill level 8 in Spellcasting
  4966 | D:4      | Killed funkygono's ghost
  5094 | D:5      | Entered Level 5 of the Dungeon
  5107 | D:4      | Learned a level 4 spell: Fulminant Prism
  5158 | D:5      | Found Zoaklead's General Store.
  5350 | D:5      | Found Cacvupod's Specific Store.
  5358 | D:5      | Bought a scroll of noise for 12 gold pieces
  5452 | D:5      | Reached skill level 9 in Spellcasting
  5452 | D:5      | Reached skill level 1 in Hexes
  5681 | D:5      | HP: 1/41 [orc priest/divine providence (15)]
  5967 | D:5      | Reached XP level 9. HP: 25/45 MP: 9/24
  6161 | D:5      | Reached skill level 10 in Spellcasting
  6161 | D:5      | Reached skill level 5 in Translocations
  6169 | D:5      | Reached skill level 10 in Conjurations
  6489 | D:5      | Found a hide-covered altar of Uskayaw.
  6509 | D:5      | Found a burning altar of Makhleb.
  6533 | D:5      | Found an iron altar of Okawaru.
  6810 | D:5      | Found a shimmering blue altar of Sif Muna.
  7205 | D:6      | Reached skill level 11 in Spellcasting
  7605 | D:6      | Found a staircase to the Ecumenical Temple.
  7724 | Temple   | Entered the Ecumenical Temple
  8211 | D:6      | Reached skill level 5 in Hexes
  8840 | D:7      | Noticed Duvessa
  8849 | D:7      | Noticed Dowan
  8858 | D:7      | Killed Duvessa
  8860 | D:7      | Killed Dowan
  8861 | D:7      | Reached XP level 10. HP: 45/51 MP: 13/27
  8999 | D:7      | Reached skill level 1 in Fighting
  9531 | D:7      | Found a sparkling altar of Nemelex Xobeh.
  9554 | D:7      | Identified the +1 ring mail of Vutor {rElec rF+++ rN+
                  | Str-5}
  9925 | D:8      | Reached skill level 12 in Spellcasting
 11264 | D:8      | Found a radiant altar of Vehumet.
 11274 | D:8      | Became a worshipper of Vehumet
 12359 | D:9      | Reached skill level 1 in Earth Magic
 12360 | D:9      | Reached skill level 13 in Spellcasting
 12601 | D:9      | Noticed a two-headed ogre
 12611 | D:9      | Killed a two-headed ogre
 13087 | D:9      | Found a transporter.
 13087 | D:9      | Found a transporter.
 13089 | D:9      | Found a transporter.
 13089 | D:9      | Found a transporter.
 13290 | D:9      | Reached XP level 11. HP: 60/60 MP: 26/30
 13616 | D:9      | Noticed Harold
 13808 | D:9      | Noticed Psyche
 13821 | D:9      | Killed Psyche
 13975 | D:9      | Killed Harold
 13976 | D:9      | Reached skill level 14 in Spellcasting
 14226 | D:10     | Entered Level 10 of the Dungeon
 14242 | D:10     | Learned a level 8 spell: Lehudib's Crystal Spear
 14598 | D:10     | Reached skill level 5 in Earth Magic
 14647 | D:10     | Noticed Snorg
 14668 | D:10     | Killed Snorg
 14672 | D:10     | Reached * piety under Vehumet
 14672 | D:10     | Offered knowledge of Freeze by Vehumet.
 14880 | D:10     | Noticed Fannar
 15338 | D:10     | Killed Fannar
 15598 | D:10     | Found a snail-covered altar of Cheibriados.
 15685 | D:10     | Found an ornate altar of the Wu Jian Council.
 15707 | D:10     | Found a staircase to the Orcish Mines.
 15710 | D:10     | Found a white marble altar of Elyvilon.
 16015 | D:10     | Found a staircase to the Lair.
 16325 | D:11     | Upgraded the game from 0.29-a0-1027-gcd8c55af63 to
                  | 0.29-a0-1033-gb6c65ffae6
 16724 | D:11     | Noticed Sonja
 16732 | D:11     | Slain by a shadow

Illustrated notes

Levels and vault maps discovered:
D:1:      roderic_dead_forest, layout_rooms,
          dreamdust_ecumenical_altar_angels_and_demons
D:2:      minmay_spotlight, layout_rooms, uniq_sigmund
D:3:      minmay_bubble_buster, layout_basic, nicolae_tso_besieged_by_evil,
          serial_shops, nicolae_shop_hallway_plus, gammafunk_ghost_necromancy
D:4:      layout_rooms, gammafunk_ghost_cemetery, minivault_19, kennysheep_boxes
D:5:      layout_basic, nicolae_overflow_quartered_altars,
          nicolae_specific_store
D:6:      layout_gridville, minmay_temple_entry_statues_fountains
D:7:      layout_basic, mainiacjoe_overflow_alcove_1, uniq_duvessa
D:8:      minmay_the_grid_square_5x5_3x3
          [minmay_the_grid_square_5x5_beaten_path,
          minmay_the_grid_square_5x5_plus, minmay_the_grid_square_5x5_minibox,
          minmay_the_grid_square_5x5_inner_v,
          minmay_the_grid_square_5x5_megaprize_hollow,
          minmay_the_grid_square_5x5_forky, minmay_the_grid_square_5x5_one_wall,
          minmay_the_grid_square_5x5_longway,
          minmay_the_grid_square_5x5_broken_cross], layout_basic,
          fiery_altar_vehumet, grunt_ministairs_4
D:9:      layout_irregular_city, nicolae_diode_quadrants, uniq_psyche,
          uniq_harold
D:10:     layout_cave_pools, chequers_temple_overflow_statue_of_worship,
          cheibriados_altar_1, erik_lair_island, orc_0_dummy, kennysheep_nub,
          uniq_snorg, uniq_fannar
D:11:     layout_loops_ring, ebering_ghost_rock_garden, grunt_dithmenos_shadows,
          uniq_sonja
Temple:   minmay_temple_forest_path

Skill      XL: |  1  2  3  4  5  6  7  8  9 10 11 |
---------------+----------------------------------+-----
Conjurations   | 5 6 7 8 9 10 12 | 12.5
Spellcasting   | 4 5 6 7 9 11 13 14 | 14.0
Translocations | 2 3 4 6 |  6.0
Hexes          | 2 5 |  5.1
Fighting       | 3 4 |  4.9
Earth Magic    | 2 9 |  9.3
Dodging        | |  2.4
Stealth        | |  2.4

Action                   |  1- 3 |  4- 6 |  7- 9 | 10-12 || total
-------------------------+-------+-------+-------+-------++-------
Melee: Flail             |       |    10 |       |     1 ||    11
 Cast: Magic Dart        |    51 |   131 |   226 |   279 ||   687
       Searing Ray       |     2 |     3 |    28 |    44 ||    77
       Iskenderun's Myst |       |       |     6 |    51 ||    57
       Fulminant Prism   |       |       |     5 |    14 ||    19
  Use: Scroll            |       |       |     4 |     7 ||    11
       Potion            |       |       |     1 |     1 ||     2
Armor: Robe              |     2 |    14 |    17 |    19 ||    52
       Steam dragon scal |       |       |       |    11 ||    11
Dodge: Dodged            |     5 |    26 |    68 |   158 ||   257

Table legend: (Time is in decaauts)
 A = Elapsed time spent in this place.
 B = Non-inter-level travel time spent in this place.
 C = Inter-level travel time spent in this place.
 D = Time resting spent in this place.
 E = Time spent auto-exploring this place.
 F = Levels seen in this place.
 G = Mean time per level.
                   A        B        C        D        E       F      G
               +--------+--------+--------+--------+--------+-----+--------+
         Total |  16765 |  16364 |    401 |   7301 |   7176 |  12 | 1397.1 |
       Dungeon |  16380 |  16016 |    364 |   7301 |   6840 |  11 | 1489.1 |
        Temple |    384 |    348 |     36 |      0 |    336 |   1 |  384.0 |
               +--------+--------+--------+--------+--------+-----+--------+

Top non-repeatable levels by time:
     D:9: 2717 daAuts
     D:7: 1977 daAuts
     D:8: 1863 daAuts
     D:3: 1802 daAuts
     D:5: 1761 daAuts
     D:4: 1311 daAuts
     D:6: 1252 daAuts
     D:1: 1144 daAuts
    D:10: 1082 daAuts
     D:2: 869 daAuts
    D:11: 598 daAuts
  Temple: 384 daAuts
